 Dungeon Crawl Stone Soup version 0.27-a0-1301-g128193abf8 (webtiles) character file.

Game seed: 2979519343787757013

226 Sobieck the Chopper (level 6, -7/78 HPs)
             Began as a Hill Orc Abyssal Knight on June 17, 2021.
             Was a Believer of Lugonu.
             Mangled by a hornet (11 damage)
             ... on level 5 of the Dungeon.
             The game lasted 00:09:47 (3702 turns).

Sobieck the Chopper (Hill Orc Abyssal Knight)       Turns: 3702, Time: 00:09:47

Health: -7/78      AC: 23    Str: 17    XL:     6   Next: 1%
Magic:  9/9        EV:  2    Int: 12    God:    Lugonu [**....]
Gold:   148        SH:  0    Dex: 10    Spells: 5/5 levels left

rFire    + . .     SeeInvis .   a - +1 hand axe {axe}
rCold    + . .     Faith    .   (no shield)
rNeg     + + +     Spirit   .   (armour currently unavailable)
rPois    +         Reflect  .   (helmet currently unavailable)
rElec    +         Harm     .   (cloak currently unavailable)
rCorr    +         Rampage  .   (gloves currently unavailable)
Will     .....     NoTele   +   (boots currently unavailable)
Stlth    +.........             (no amulet)
HPRegen  0.23/turn              (no ring)
MPRegen  0.11/turn              (no ring)

@: tree-form, resistant, very slightly contaminated, invisible
A: stationary, stasis, torment immunity, boosted hp
a: Renounce Religion, Depart the Abyss, Bend Space


You were on level 5 of the Dungeon.
You worshipped Lugonu.
Lugonu was pleased with you.
You were a tree.
You visited 1 branch of the dungeon, and saw 5 of its levels.
You visited the Abyss 1 time.

You collected 148 gold pieces.


   Skills:
 - Level 4.0 Fighting
 + Level 4.8 Axes
 + Level 1.8 Throwing
 - Level 2.1 Armour
 - Level 0.7 Dodging
 + Level 4.7 Invocations
 + Level 2.0 Evocations


You had 5 spell levels left.
You didn't know any spells.
Your spell library contained the following spells:

 Spells                   Type           Power      Damage    Failure   Level
 Beastly Appendage        Tmut           0%         N/A       32%         1
 Spider Form              Tmut/Pois      0%         N/A       69%         3
 Yara's Violent Unravell  Hex/Tmut       0%         3d3       100%        5
 Dragon Form              Tmut           0%         N/A       100%        7

Inventory:

Hand Weapons
 a - a +1 hand axe (weapon) {axe}
 g - a +0 morningstar {mace}
   (You took it off an orc on level 3 of the Dungeon)
 n - a +0 mace {mace}
   (You took it off an orc on level 3 of the Dungeon)
 p - a +0 vorpal falchion {long}
   (You took it off an orc on level 3 of the Dungeon)
Missiles
 c - 139 stones {throwing}
 j - 22 bolts
 l - 39 sling bullets
 o - 4 curare-tipped darts {=fthrowing}
 q - 9 arrows
 v - 10 boomerangs (quivered) {throwing}
Armour
 b - a +0 leather armour
 i - a +0 helmet (melded)
   (You found it on level 1 of the Dungeon)
 k - a +0 plate armour
   (You found it on level 1 of the Dungeon)
 r - a +0 ring mail
   (You found it on level 3 of the Dungeon)
 s - a +0 pair of gloves (melded)
   (You found it on level 3 of the Dungeon)
 u - a +0 chain mail (melded)
   (You found it on level 2 of the Dungeon)
Wands
 d - a wand of flame (9)
   (You found it on level 2 of the Abyss)
Scrolls
 e - a scroll of vulnerability {unknown}
 h - 3 scrolls of teleportation {@r4}
 x - a scroll of identify {@r1}
Potions
 m - a potion of resistance

Dungeon Overview and Level Annotations

Branches:
Dungeon (5/15)
 Temple: D:4-7

Altars:
Cheibriados
Fedhas
Makhleb
Ru
Wu Jian

Annotations:
D:3 exclusion: 2 downstairs ######### ......y♣# #########

You could see a hornet.


Message History

An iguana comes into view. 😮 HP[-4]
You take 4 damage, and now have 39/52 hp.
Unknown command.
Space bends around you!
You blink.
You feel sick.
The hound bites you but does no damage. 😮 HP[-4] MP[-1]
You take 4 damage, and now have 35/52 hp.
You lost 1 mp, and now have 8/9 mp.
Space bends around you!
You blink.
You feel sick. 😮 HP[-4] MP[-1]
You take 4 damage, and now have 31/52 hp.
You lost 1 mp, and now have 7/9 mp.
You feel sick. 😮 HP[-1]
You take 1 damage, and now have 30/52 hp.
You feel sick. 😮 HP[-1]
You take 1 damage, and now have 29/52 hp.
You feel sick.
The hound bites you but does no damage. 😮 HP[-1]
You take 1 damage, and now have 28/52 hp.
You feel sick. The hound bites you but does no damage.
You feel sick. The hornet stings you!
* * * LOW HITPOINT WARNING * * *
You feel yourself slow down.
The hound bites you but does no damage. 😨 HP[-14]
You take 14 damage, and now have 14/52 hp.
MASSIVE DAMAGE!! (PAUSE)
You feel much better.
You feel sick.
You are no longer poisoned.
The hornet stings you but does no damage.
The hound bites you but does no damage. The hornet stings you!
You feel as though you will be slow longer.
The hound bites you but does no damage. 😮 HP[+17]
You regained 17 hp, and now have 31/52 hp.
You feel protected. The hornet completely misses you.
The hound barely misses you.
The hornet stings you but does no damage.
The hound bites you but does no damage. 😮 MP[+1]
The hornet stings you!
* * * LOW HITPOINT WARNING * * *
The hound bites you but does no damage. The hornet stings you.
* * * LOW HITPOINT WARNING * * *
You feel as though you will be slow longer.
The hornet stings you.
* * * LOW HITPOINT WARNING * * *
The hound barely misses you. 😨 HP[-16]
You take 16 damage, and now have 15/52 hp.
MASSIVE DAMAGE!! (PAUSE)
The hound bites you.
* * * LOW HITPOINT WARNING * * *
The hornet barely misses you. 😱 HP[-4]
You take 4 damage, and now have 11/52 hp.
The hornet stings you but does no damage.
The hornet stings you but does no damage.
The hornet closely misses you.
There is a stone staircase leading down here.
Unknown command.
You feel yourself speed up. The hornet barely misses you.
The hornet stings you!
* * * LOW HITPOINT WARNING * * *
The hornet barely misses you.
You climb downwards.
You hear the hiss of flowing sand.
There is an entrance to an ossuary on this level.
Hurry and find it before the portal is buried!
There is a stone staircase leading up here. 😱 HP[-7] MP[+1]
You take 7 damage, and now have 4/52 hp.
Your mp is fully restored (9).
It was a potion of invisibility.
You fade into invisibility!
The hornet barely misses you.
You are very lightly contaminated with residual magic.
It was a potion of lignification.
You turn into a tree.
Your +0 helmet melds into your body.
Your +0 pair of gloves melds into your body.
Your +0 chain mail melds into your body.
Your roots penetrate the ground.
The hornet stings you.
* * * LOW HITPOINT WARNING * * *
The hornet stings you but does no damage. 😱 HP[-1]
You now have 78 max hp (+26).
You hit the hornet.
The hornet stings you but does no damage. 😱 HP[+1]
You miss the hornet. The hornet barely misses you.
The hornet stings you but does no damage.
You closely miss the hornet.
The hornet stings you but does no damage.
You hit the hornet. The hornet stings you!
You die...

Skill      XL: |  1  2  3  4  5 |
---------------+----------------+-----
Axes           | 3 4 |  4.8
Fighting       | 4 |  4.0
Invocations    | 3 4 |  4.7
Evocations     | 1 2 |  2.0
Throwing       | 1 |  1.8
Armour         | |  2.1
Dodging        | |  0.7

Action                   |  1- 3 |  4- 6 || total
-------------------------+-------+-------++-------
Melee: Hand axe          |    88 |    88 ||   176
Throw: Stone             |    25 |    23 ||    48
       Boomerang         |       |     4 ||     4
Invok: Depart the Abyss  |     1 |       ||     1
       Bend Space        |       |     2 ||     2
Evoke: Wand              |       |    11 ||    11
  Use: Scroll            |       |     8 ||     8
       Potion            |       |     4 ||     4
 Stab: Sleeping          |     1 |       ||     1
Armor: Leather armour    |    25 |     4 ||    29
       Ring mail         |       |    14 ||    14
       Chain mail        |       |    25 ||    25
       Skin              |       |     4 ||     4
Dodge: Dodged            |    70 |    58 ||   128

Levels and vault maps discovered:
D:1:      doesnt_arrival_eight_statues, layout_loops_ring,
          ebering_ecumenical_altar_box, kennysheep_small_spiral, st_stairs_14,
          hex_medium, amcnicky_mini_rare_corridor_liquid
D:2:      layout_loops_corners, grunt_ministairs_9,
          minmay_misc_feat_four_crosses, uniq_jessica, uniq_natasha
D:3:      layout_rooms, chequers_temple_overflow_minitemple
D:4:      layout_rooms, nicolae_overflow_crystal_walls
D:5:      gammafunk_wand_slinger, layout_basic, vehumet_statue,
          nicolae_ossuary_entry_ruins, roderic_roman_lattice,
          uniq_blork_the_orc, uniq_edmund

Notes
Turn   | Place    | Note
-------+----------+-------------------------------------------
     0 | Abyss:1  | Sobieck the Hill Orc Abyssal Knight began the quest for the
                  | Orb.
     0 | Abyss:1  | Reached XP level 1. HP: 19/19 MP: 2/2
     0 | Abyss:1  | magus.rc [v1.9.6]
    50 | Abyss:2  | Found a corrupted altar of Lugonu.
    70 | Abyss:2  | Noticed a white draconian
    72 | D:1      | You pass through the gate.
    72 | D:1      | Escaped the Abyss
   243 | D:1      | Found a faded altar of an unknown god.
   270 | D:1      | Reached skill level 3 in Axes
   272 | D:1      | Reached * piety under Lugonu
   273 | D:1      | Reached XP level 2. HP: 15/27 MP: 4/4
   538 | D:1      | Reached skill level 4 in Fighting
   538 | D:1      | Reached skill level 3 in Invocations
   859 | D:1      | Reached XP level 3. HP: 32/33 MP: 5/5
  1007 | D:4      | Noticed a hornet
  1566 | D:2      | Noticed Jessica
  1581 | D:2      | Killed Jessica
  1582 | D:2      | Reached skill level 4 in Axes
  1582 | D:2      | Reached XP level 4. HP: 20/40 MP: 6/6
  1766 | D:2      | Reached ** piety under Lugonu
  1871 | D:2      | Reached skill level 1 in Evocations
  1908 | D:2      | Noticed Natasha
  1911 | D:2      | Killed Natasha
  1912 | D:2      | Reached skill level 1 in Throwing
  1912 | D:2      | Reached skill level 4 in Invocations
  2100 | D:2      | Noticed Natasha
  2102 | D:2      | Killed Natasha
  2103 | D:2      | Reached XP level 5. HP: 26/46 MP: 8/8
  2126 | D:2      | Noticed Natasha
  2175 | D:2      | Killed Natasha
  2185 | D:2      | HP: 11/46 [adder (3)]
  2190 | D:2      | HP: 6/46 [poisoned by an adder]
  2606 | D:2      | Identified the Volume of Mutagenic Poison
  2607 | D:2      | You add the spells Beastly Appendage, Spider Form, Yara's
                  | Violent Unravelling and Dragon Form to your library.
  3323 | D:3      | Reached skill level 2 in Evocations
  3323 | D:3      | Reached XP level 6. HP: 39/52 MP: 9/9
  3560 | D:3      | Found a snail-covered altar of Cheibriados.
  3560 | D:3      | Found a burning altar of Makhleb.
  3567 | D:3      | Found a blossoming altar of Fedhas.
  3569 | D:3      | Found an ornate altar of the Wu Jian Council.
  3571 | D:3      | Found a sacrificial altar of Ru.
  3662 | D:5      | Entered Level 5 of the Dungeon
  3692 | D:4      | HP: 11/52 [hound (4)]
  3695 | D:4      | HP: 4/52 [hornet (8)]
  3702 | D:5      | Mangled by a hornet

Vanquished Creatures
  An iguana (D:3)
  Jessica (D:2)
  Natasha (thrice) (D:2)
  3 adders (D:2)
  A worm (D:2)
  2 dart slugs (D:1)
  3 orcs (D:3)
  4 ball pythons
  4 bats
  5 endoplasms
  5 giant cockroaches
  4 goblins
  7 hobgoblins
  4 jackals (D:2)
  2 quokkas
  4 frilled lizards
  2 kobolds
  7 rats
62 creatures vanquished.

Table legend:
 A = Non-vault XP
 B = Vault XP
 C = Vault XP percentage of total XP
 D = Non-vault monster count
 E = Vault monster count
 F = Vault count percentage of total count
                 A         B        C        D         E       F
            +---------+---------+-------+---------+---------+-------
      Total |     245 |      79 |  24.4 |      56 |       6 |   9.7
            +---------+---------+-------+---------+---------+-------
        D:1 |      38 |       3 |   7.3 |      22 |       2 |   8.3
        D:2 |     138 |      76 |  35.5 |      19 |       4 |  17.4
        D:3 |      69 |       0 |   0.0 |      15 |       0 |   0.0
            +---------+---------+-------+---------+---------+-------

Illustrated notes

Table legend:
 A = Kills in this place as a percentage of kills in entire the game.
 B = Kills by you in this place as a percentage of kills by you in the entire game.
 C = Kills by friends in this place as a percentage of kills by friends in the entire game.
 D = Other kills in this place as a percentage of other kills in the entire game.
 E = Experience gained in this place as a percentage of experience gained in the entire game.
 F = Experience gained in this place divided by the number of levels of this place that you have seen.
                   A       B       C       D       E      F
               +-------+-------+-------+-------+-------+----------------------
         Total | 100.0 | 100.0 |   N/A |   N/A | 100.0 |  46.3
       Dungeon | 100.0 | 100.0 |   N/A |   N/A | 100.0 |  64.8
               +-------+-------+-------+-------+-------+----------------------

Table legend: (Time is in decaauts)
 A = Elapsed time spent in this place.
 B = Non-inter-level travel time spent in this place.
 C = Inter-level travel time spent in this place.
 D = Time resting spent in this place.
 E = Time spent auto-exploring this place.
 F = Levels seen in this place.
 G = Mean time per level.
                   A        B        C        D        E       F      G
               +--------+--------+--------+--------+--------+-----+--------+
         Total |   3748 |   3439 |    309 |    686 |   2115 |   7 |  535.4 |
       Dungeon |   3676 |   3367 |    309 |    686 |   2115 |   5 |  735.2 |
         Abyss |     71 |     71 |      0 |      0 |      0 |   2 |   35.5 |
               +--------+--------+--------+--------+--------+-----+--------+

Top non-repeatable levels by time:
     D:2: 1523 daAuts
     D:1: 1387 daAuts
     D:3: 691 daAuts
     D:4: 66 daAuts
 Abyss:1: 50 daAuts
 Abyss:2: 21 daAuts
     D:5: 8 daAuts
